 Dungeon Crawl Stone Soup version 0.20.1-1-g8b1a95d (webtiles) character file.

975 MovingMist the Ducker (level 7, -11/55 HPs)
             Began as a Demonspawn Gladiator on Nov 20, 2017.
             Was a Believer of Okawaru.
             Killed by divine providence
             ... invoked by an orc priest
              (14 damage)
             ... on level 6 of the Dungeon.
             The game lasted 00:12:18 (3920 turns).

MovingMist the Ducker (Demonspawn Gladiator)        Turns: 3920, Time: 00:12:19

Health: -11/55     AC: 10    Str: 15    XL:     7   Next: 95%
Magic:  7/7        EV: 11    Int: 11    God:    Okawaru [**....]
Gold:   114        SH:  3    Dex: 18    Spells: 4/6 levels left

rFire    . . .     SeeInvis .   A - -1 scimitar (curse)
rCold    . . .     Gourm    .   (no shield)
rNeg     . . .     Faith    .   c - +0 chain mail
rPois    .         Spirit   .   (helmet restricted)
rElec    .         Reflect  +   (no cloak)
rCorr    .         Harm     .   B - +0 pair of gloves
MR       .....                  j - +0 pair of boots
Stlth    ..........             n - +3 amulet of reflection
Regen    0.2/turn               r - +2 ring of intelligence
MPRegen  0.1/turn               w - +2 ring of evasion

@: drained
A: horns 2, thin skeletal structure 1, rot immunity
a: Heroism, Renounce Religion


You were on level 6 of the Dungeon.
You worshipped Okawaru.
Okawaru was pleased with you.
You were not hungry.

You visited 2 branches of the dungeon, and saw 7 of its levels.

You collected 205 gold pieces.
You spent 91 gold pieces at shops.

Inventory:

Hand Weapons
 a - a +0 long sword
 A - a cursed -1 scimitar (weapon)
Missiles
 d - 2 throwing nets (quivered)
Armour
 c - a +0 chain mail (worn)
 j - a +0 pair of boots (worn)
 B - a +0 pair of gloves (worn)
Jewellery
 n - a +3 amulet of reflection (around neck)
 r - a +2 ring of intelligence (left hand)
 w - a +2 ring of evasion (right hand)
Scrolls
 b - a scroll of recharging
 e - a scroll of random uselessness {unknown}
 h - a scroll of fear {unknown}
 i - a scroll of enchant armour {unknown}
 u - 2 scrolls of magic mapping
 y - 3 scrolls of teleportation
 z - a scroll of enchant weapon {unknown}
Potions
 g - a potion of flight {unknown}
 k - 4 potions of brilliance
 l - 2 potions of haste {unknown}
 m - 6 potions of curing
 o - a potion of lignification {unknown}
 p - a potion of invisibility {unknown}
 s - 3 potions of might
 v - 2 potions of mutation {unknown}
 C - a potion of berserk rage {unknown}
Books
 t - a book of Minor Magic

   Spells                             Type                      Level
   a - Magic Dart                     Conjuration                  1
   b - Blink                          Translocation                2
   c - Call Imp                       Summoning                    2
   d - Slow                           Hexes                        2
   e - Conjure Flame                  Conjuration/Fire             3
   f - Mephitic Cloud                 Conjuration/Poison/Air       3
Comestibles
 f - 2 bread rations
 q - a fruit
 x - 2 meat rations


   Skills:
 + Level 4.9(4.5) Fighting
 + Level 4.8(4.4) Long Blades
 - Level 1.7(1.4) Throwing
 * Level 6.5(6.1) Dodging


You had 4 spell levels left.
You knew the following spells:

 Your Spells              Type           Power        Failure   Level  Hunger
a - Blink                 Tloc           N/A          100%        2    ###....


Dungeon Overview and Level Annotations

Branches:
Dungeon (6/15)             Temple (1/1) D:4

Altars:
Ashenzari
Cheibriados
Elyvilon
Fedhas
Gozag
Hepliaklqana
Kikubaaqudgha
Makhleb
Nemelex Xobeh
Okawaru
Ru
Sif Muna
Uskayaw
Vehumet
Yredelemnul
Zin
The Shining One

Shops:
D:4 !


Innate Abilities, Weirdness & Mutations

You have a pair of horns on your head.
You have a somewhat thin skeletal structure. (Dex +2, Stealth)
You are immune to rotting.


Message History

An adder comes into view.
The adder hisses angrily.
You hit the wight but do no damage.
The adder moves out of view.
The wight barely misses you.
An orc comes into view. It is wielding a hand axe.
You closely miss the wight.
The orc shouts!
You headbutt the wight.
The wight is lightly damaged.
The wight hits you but does no damage.
A wight comes into view. It is wielding a hand axe of freezing.
The orc priest invokes the aid of Beogh against you.
Beogh smites you!
* * * LOW HITPOINT WARNING * * *
The orc priest invokes the aid of Beogh against you.
Beogh smites you!
* * * LOW HITPOINT WARNING * * *
The orc priest calls down the wrath of Beogh upon you.
Beogh smites you!
You die...

#.#.##....#S.# #.#....#
#.#.#.....#.z# #.#....#
......_...oo.# #.#....#
#.....#.#.o# #.#.[>.###
#....##.#..###...>....##
#.......#.....##.<<.>..###
...####.####.zo#.##.<#......#
#...........#.#.##..#.#..#.#
♣..####..##....@......)#..# #
##.##.##.#.##...)...#
#.......#.###.####.#
####......# #.. # #.>..###
#.# ####.# #.# #.# ... #.#
... ..# ..


You could see an orc warrior, 2 wights, an orc priest and 2 orcs.

Vanquished Creatures
  Grinder (D:5)
  A phantom (D:4)
  An ogre (D:4)
  A bullfrog (D:6)
  A howler monkey (D:4)
  3 wights (D:6)
  A crimson imp (D:6)
  2 iguanas
  A centaur skeleton (D:4)
  2 worker ants
  Natasha (twice) (D:4)
  3 howler monkey skeletons (D:4)
  6 adders
  A worm (D:2)
  5 dart slugs
  3 leopard geckos
  An orc (D:4)
  5 giant cockroaches
  8 hobgoblins
  11 jackals (D:2)
  10 kobolds
  5 quokkas
  3 ball pythons
  3 bats
  4 frilled lizards
  7 goblins
  A leopard gecko skeleton (D:4)
  8 rats
100 creatures vanquished.

Notes
Turn   | Place    | Note
-------+----------+-------------------------------------------
     0 | D:1      | MovingMist the Demonspawn Gladiator began the quest for the Orb.
     0 | D:1      | Reached XP level 1. HP: 16/16 MP: 1/1
    91 | D:1      | Reached skill level 3 in Dodging
   113 | D:1      | Gained mutation: You have a pair of small horns on your head. [demonic ancestry]
   113 | D:1      | Reached XP level 2. HP: 22/22 MP: 2/2
   794 | D:2      | Reached XP level 3. HP: 28/28 MP: 3/3
  1003 | D:2      | Gained mutation: You have a pair of horns on your head. [demonic ancestry]
  1003 | D:2      | Reached XP level 4. HP: 26/34 MP: 4/4
  1602 | D:3      | Learned a level 2 spell: Blink
  1738 | D:3      | Found a glowing silver altar of Zin.
  1740 | D:3      | Found a deep blue altar of Sif Muna.
  1740 | D:3      | Found a snail-covered altar of Cheibriados.
  2203 | D:4      | Noticed Natasha
  2212 | D:4      | Killed Natasha
  2212 | D:4      | Reached skill level 4 in Dodging
  2212 | D:4      | Gained mutation: You are immune to rotting. [demonic ancestry]
  2212 | D:4      | Reached XP level 5. HP: 24/41 MP: 5/5
  2235 | D:4      | Found a staircase to the Ecumenical Temple.
  2246 | Temple   | Entered the Ecumenical Temple
  2253 | Temple   | Became a worshipper of Warmaster Okawaru
  2331 | D:4      | Noticed an ogre
  2342 | D:4      | Killed an ogre
  2389 | D:4      | Found Irucsiupt's Distillery.
  2397 | D:4      | Bought a potion of curing for 39 gold pieces
  2397 | D:4      | Bought a potion of might for 52 gold pieces
  2466 | D:4      | Noticed a phantom
  2477 | D:4      | Reached XP level 6. HP: 45/48 MP: 6/6
  2494 | D:4      | Reached skill level 5 in Dodging
  2587 | D:4      | Noticed Natasha
  2594 | D:4      | Killed Natasha
  2742 | D:4      | Reached * piety under Okawaru
  3022 | D:5      | Entered Level 5 of the Dungeon
  3095 | D:5      | Got a brightly glowing dagger
  3101 | D:5      | Gained mutation: You have a somewhat thin skeletal structure. (Dex +2, Stealth) [demonic ancestry]
  3101 | D:5      | Reached XP level 7. HP: 54/54 MP: 7/7
  3175 | D:5      | Identified the cursed +1 dagger of Moral Flaws {drain, rPois rN+ Dex+2} (You found it on level 5 of the Dungeon)
  3197 | D:5      | Found an opulent altar of Gozag.
  3305 | D:5      | Noticed Grinder
  3317 | D:5      | Killed Grinder
  3317 | D:5      | Reached skill level 6 in Dodging
  3847 | D:6      | Found a hazy altar of Hepliaklqana.
  3858 | D:6      | Reached ** piety under Okawaru
  3920 | D:6      | Killed from afar by an orc priest

Skill      XL: |  1  2  3  4  5  6  7 |
---------------+----------------------+-----
Dodging        | 3 4 5 6 |  6.5
Long Blades    | 3 4 |  4.8
Fighting       | 3 4 |  4.9
Throwing       | |  1.7

Action                   |  1- 3 |  4- 6 |  7- 9 || total
-------------------------+-------+-------+-------++-------
Melee: Long sword        |    85 |   152 |    44 ||   281
       Headbutt          |    15 |    46 |    22 ||    83
       Scimitar          |       |       |     8 ||     8
       Punch             |       |       |     1 ||     1
Throw: Throwing net      |       |     1 |       ||     1
Invok: Heroism           |       |       |     1 ||     1
  Use: Scroll            |       |       |     5 ||     5
  Eat: Chunk             |       |     7 |     2 ||     9
       Bread ration      |       |       |     1 ||     1
Armor: Leather armour    |     3 |       |       ||     3
       Ring mail         |    28 |    25 |       ||    53
       Chain mail        |       |    25 |    18 ||    43
Dodge: Dodged            |    56 |    96 |    23 ||   175
Block: Other             |     9 |    16 |    12 ||    37
       Reflection        |       |     1 |       ||     1
       Rpst.: Long sword |    15 |    28 |     8 ||    51
       Scimitar          |       |       |     2 ||     2
